Map: Orbital Shipyard (3.1.0 Balance v1.1)

Players

Maquister

  • Race: Protoss Protoss

Arif - Winner!

  • Race: Terran Terran

VOD

Have the link to the VOD?

Description

Time

  • Played on: Dec. 29, 2015, 3:02 p.m.
  • Length: 10:14
Show
View Real Time Build Order
Export as new Build Order

Maquister Protoss 

Build Orders: Dark Templar Rush 

Get SALT Encoding   

  12  0:18  Pylon  
  12  0:19  Probe (Chrono Boost)  
  13  0:24  Assimilator  
  13  0:33  Assimilator  
  13  0:36  Probe (Chrono Boost)  
  14  0:48  Gateway  
  14  1:07  Probe (Chrono Boost)  
  16  1:18  Probe (Chrono Boost)  
  16  1:29  Probe (Chrono Boost)  
  17  1:40  Cybernetics Core  
  17  1:49  Probe (Chrono Boost)  
  18  2:00  Probe (Chrono Boost)  
  19  2:11  Probe (Chrono Boost)  
  20  2:22  Pylon  
  20  2:23  Warp Gate (Chrono Boost)  
  20  2:29  Probe  
  21  2:42  Twilight Council  
  21  2:44  Probe  
  22  2:56  Probe  
  23  3:23  Dark Shrine  
  23  3:29  Gateway  
  23  3:33  Gateway  
  23  3:46  Probe  
  24  3:53  Forge  
  24  4:16  Pylon  
  24  4:37  Dark Templar  
  24  4:38  Dark Templar x2  
  24  5:13  Dark Templar x2  
  25  5:14  Dark Templar  
  25  5:20  Mothership Core (Chrono Boost)  
  10  5:58  Dark Templar  
  10  5:59  Dark Templar  
  10  6:03  Zealot  
    9:07  Probe (Chrono Boost)  
  1  9:17  Stalker  
  1  9:18  Probe (Chrono Boost)  
  1  9:36  Probe (Chrono Boost)  
  2  9:47  Probe (Chrono Boost)  
Show
View Real Time Build Order
Export as new Build Order

Arif Terran - Winner!

Build Orders: 1/1/1, Liberator Opening 

Get SALT Encoding   

  12  0:03  SCV  
  13  0:15  SCV  
  14  0:21  Supply Depot  
  14  0:27  SCV  
  15  0:34  Refinery  
  15  0:45  SCV, Barracks  
  16  0:55  Refinery  
  16  0:57  SCV  
  17  1:09  SCV  
  18  1:19  Supply Depot  
  18  1:21  SCV  
  19  1:34  Factory  
  19  1:45  Marine  
  20  1:48  Orbital Command  
  20  2:03  Marine  
  21  2:17  SCV  
  21  2:18  Factory Tech Lab  
  21  2:21  Marine  
  21  2:22  Starport  
  23  2:39  Siege Tank, Marine  
  23  2:42  SCV  
  28  2:49  Supply Depot  
  28  2:53  Liberator  
  28  2:57  Marine  
  29  3:08  Supply Depot  
  32  3:14  Marine  
  33  3:24  Siege Tank  
  36  3:31  SCV  
  36  3:32  Marine  
  38  3:36  Liberator  
  38  3:50  Marine  
  42  3:58  Supply Depot  
  42  4:08  Marine  
  43  4:12  SCV  
  44  4:26  Marine  
  44  4:27  Command Center  
  44  4:28  SCV  
  46  4:33  Supply Depot  
  46  4:43  Marine  
  37  4:58  Siege Tank  
  40  5:01  Marine  
  41  5:19  Marine  
  42  5:28  SCV  
  42  5:30  Siege Tank  
  45  5:37  Marine  
  45  5:45  SCV  
  44  5:55  Marine  
  45  6:02  Siege Tank  
  48  6:07  SCV  
  49  6:12  Marine  
  50  6:19  SCV  
  51  6:30  Marine  
  52  6:48  Marine  
  52  7:06  Engineering Bay  
  47  7:18  Marine  
  41  7:38  Missile Turret  
  41  7:41  Marine  
  41  8:03  Missile Turret  
  41  8:26  Barracks  
  37  8:42  Missile Turret  
  35  9:40  Refinery  
  35  9:45  Barracks  
  35  9:47  Barracks  
Tags
 
Add a new tag
Caveats
  • Supply blocks, unpowered buildings, or Contaminate may cause inaccurate times.
  • Supply counts are checked every 10 seconds.